Map: Acropolis LE

Players

theglml

  • Race: Zerg Zerg
  • League: Master
  • Spawn Location: 11:00

Mez - Winner!

  • Race: Terran Terran
  • League: Master
  • Spawn Location: 5:00

VOD

Have the link to the VOD?

Description

Time

  • Played on: Aug. 25, 2019, 2:12 p.m.
  • Length: 11:48
Show
View Real Time Build Order
Export as new Build Order

theglml Zerg 

Build Orders: 3 Hatch before Pool 

Get SALT Encoding   

  12  0:01  Drone  
  13  0:13  Overlord  
  13  0:18  Drone  
  14  0:31  Drone x2  
  14  0:35  Drone  
  17  0:54  Drone, Hatchery  
  17  1:20  Hatchery  
  16  1:29  Spawning Pool  
  16  1:30  Drone  
  16  1:34  Drone  
  16  1:37  Drone  
  18  1:42  Drone  
  19  1:52  Drone  
  20  2:02  Overlord  
  20  2:08  Drone  
  21  2:15  Queen x2  
  21  2:18  Drone  
  21  2:19  Drone  
  27  2:24  Drone  
  28  2:34  Spore Crawler  
  28  2:35  Drone  
  28  2:38  Spore Crawler  
  28  2:40  Drone x2  
  28  2:45  Spore Crawler  
  28  2:46  Spore Crawler  
  28  2:50  Spore Crawler  
  28  2:59  Queen  
  28  3:01  Queen  
  28  3:02  Drone x2  
  32  3:09  Evolution Chamber  
  32  3:12  Drone x4  
  36  3:16  Overlord  
  36  3:18  Drone  
  37  3:22  Drone  
  37  3:23  Drone  
  39  3:35  Queen  
  39  3:37  Queen  
  39  3:39  Drone  
  39  3:40  Drone  
  45  3:44  Overlord  
  45  3:46  Drone  
  47  3:55  Drone  
  47  3:58  Drone  
  47  3:59  Queen  
  47  4:01  Overlord  
  50  4:12  Queen  
  50  4:14  Drone x2  
  50  4:15  Drone  
  50  4:16  Drone x2  
  57  4:17  Drone  
  57  4:19  Queen  
  57  4:22  Drone  
  61  4:31  Roach Warren  
  60  4:32  Evolution Chamber  
  60  4:34  Drone  
  60  4:36  Overlord  
  60  4:50  Overlord  
  60  4:53  Overlord x2  
  60  4:54  Spore Crawler, Queen x2  
  63  5:00  Drone  
  63  5:04  Extractor x2  
  60  5:20  Drone x3  
  60  5:21  Drone x6  
  57  5:24  Drone x3  
  61  5:28  Drone  
  61  5:29  Drone x7  
  61  5:32  Spore Crawler  
  69  5:37  Overlord, Drone x2  
  71  5:51  Drone x3  
  71  5:54  Drone x2  
  76  5:58  Hatchery  
  76  5:59  Drone  
  76  6:00  Drone  
  77  6:05  Extractor, Drone  
  77  6:06  Extractor  
  77  6:07  Drone, Extractor  
  77  6:08  Drone, Extractor  
  77  6:09  Drone x2  
  78  6:16  Overlord  
  73  6:26  Drone  
  73  6:29  Drone x3  
  73  6:31  Drone  
  78  6:34  Drone  
  78  6:35  Drone x3  
  78  6:39  Roach  
  84  6:41  Drone  
  84  6:42  Drone x3  
  84  6:43  Drone  
  84  6:45  Drone  
  84  6:46  Drone  
  84  6:47  Lair  
  91  6:53  Pneumatized Carapace  
  91  6:54  Overlord  
  91  6:55  Overlord  
  91  6:56  Overlord  
  91  6:57  Overlord  
  91  7:00  Roach x4  
  95  7:09  Roach  
  95  7:10  Roach x3  
  95  7:12  Overlord, Roach  
  105  7:16  Roach x2  
  105  7:17  Roach x2  
  105  7:18  Roach  
  105  7:21  Roach  
  112  7:23  Roach  
  112  7:25  Roach x2  
  116  7:31  Overlord  
  116  7:36  Overlord  
  116  7:37  Drone  
  116  7:38  Queen, Drone x4  
  116  7:43  Drone  
  124  7:47  Zerg Missile Weapons Level 1, Glial Reconstitution  
  124  7:52  Hydralisk Den  
  124  7:55  Overlord, Drone x4  
  124  7:57  Infestation Pit, Overlord  
  126  8:00  Drone  
  126  8:01  Drone x4  
  126  8:02  Extractor x2  
  129  8:11  Roach x2  
  129  8:12  Roach  
  135  8:22  Drone x2  
  135  8:25  Roach  
  129  8:30  Roach x4  
  129  8:31  Roach  
  123  8:37  Overlord  
  123  8:41  Hydralisk x3, Overlord  
  117  8:42  Hydralisk x4  
  117  8:43  Queen  
  117  8:46  Roach  
  129  8:49  Hive  
  129  8:51  Drone  
  130  8:56  Roach  
  130  9:02  Overlord  
  132  9:03  Overlord  
  132  9:05  Ravager x2  
  132  9:06  Ravager x5  
  132  9:09  Overlord, Drone  
  140  9:20  Drone x10  
  140  9:21  Drone  
  140  9:22  Hatchery  
  140  9:23  Roach x2  
  140  9:24  Roach  
  156  9:26  Roach x3  
  162  9:33  Spore Crawler  
  162  9:34  Roach x2  
  162  9:35  Spore Crawler  
  162  9:36  Roach x2  
  162  9:37  Ravager x3  
  162  9:38  Ravager  
  172  9:39  Roach  
  172  9:41  Roach  
  172  9:42  Roach  
  172  9:43  Roach  
  178  9:55  Roach  
  178  9:56  Roach x3  
  178  9:57  Roach  
  178  9:58  Roach  
  173  10:00  Roach x4  
  173  10:03  Roach  
  173  10:05  Roach  
  160  10:07  Roach  
  160  10:08  Roach  
  150  10:15  Ravager x2  
  150  10:16  Roach x2  
  150  10:19  Roach x2  
  150  10:20  Overlord, Roach  
  150  10:21  Roach  
  148  10:22  Roach x2  
  148  10:25  Overlord  
  150  10:29  Roach x2  
  150  10:33  Roach x3  
  141  10:39  Roach  
  141  10:40  Roach x2, Extractor  
  141  10:42  Ravager x3, Extractor  
  140  10:43  Ravager  
  140  10:46  Roach  
  142  10:53  Roach  
  142  10:54  Roach  
  142  10:56  Ravager x2  
  148  10:57  Overlord, Roach  
  148  10:58  Drone  
  148  11:00  Drone  
  148  11:01  Drone  
  147  11:25  Roach x3  
  118  11:26  Roach  
  118  11:27  Roach x2  
Show
View Real Time Build Order
Export as new Build Order

Mez Terran - Winner!

Build Orders: Liberator Opening, Reaper Expand 

Get SALT Encoding   

  12  0:00  SCV  
  13  0:13  SCV  
  14  0:19  Supply Depot  
  14  0:25  SCV  
  15  0:41  Barracks, SCV  
  16  0:44  Refinery  
  16  0:53  SCV  
  17  1:05  SCV  
  18  1:17  SCV  
  19  1:30  Orbital Command, Reaper  
  20  1:41  Command Center  
  20  1:51  Supply Depot  
  20  1:56  SCV  
  21  2:02  Marine  
  22  2:14  SCV  
  22  2:15  Factory  
  23  2:18  Refinery  
  23  2:25  Barracks Reactor  
  23  2:40  SCV  
  24  3:07  Orbital Command  
  24  3:09  Starport  
  24  3:12  SCV  
  24  3:13  Hellion  
  24  3:14  Hellion  
  24  3:17  Barracks Tech Lab  
  28  3:24  SCV  
  29  3:30  Liberator  
  29  3:33  SCV  
  30  3:35  Hellion x2  
  30  3:36  Marine  
  30  3:37  Supply Depot  
  38  3:48  SCV x2  
  38  3:51  Stimpack  
  38  3:55  Marine  
  41  3:59  Hellion x2  
  41  4:02  SCV x2, Supply Depot  
  47  4:14  SCV x2  
  47  4:15  Marine  
  50  4:26  SCV x2  
  50  4:27  Command Center  
  52  4:33  Supply Depot  
  52  4:38  SCV  
  52  4:40  SCV  
  54  4:50  SCV, Starport Reactor  
  54  4:51  Barracks  
  54  4:52  SCV  
  56  4:53  Barracks  
  56  4:55  Factory Reactor  
  56  4:57  Supply Depot  
  56  5:02  SCV  
  56  5:04  Marine, SCV  
  59  5:19  SCV x2  
  55  5:28  Medivac  
  57  5:29  Marine  
  57  5:31  SCV  
  57  5:35  SCV  
  54  5:39  Combat Shield  
  54  5:40  Engineering Bay  
  54  5:41  Marine x2, Engineering Bay  
  56  5:43  SCV, Orbital Command  
  56  5:44  Refinery  
  56  5:45  Refinery  
  56  5:46  Factory Tech Lab  
  56  5:48  Marine x3  
  60  5:50  Medivac  
  62  5:59  Marine x2  
  62  6:00  Barracks x2  
  62  6:02  SCV x2  
  66  6:09  Orbital Command  
  66  6:14  Marine x3, SCV  
  66  6:15  Siege Tank  
  66  6:16  Marine  
  75  6:25  Marine, SCV, Supply Depot  
  75  6:26  SCV, Supply Depot  
  75  6:27  Supply Depot  
  77  6:36  SCV  
  77  6:37  SCV  
  79  6:42  Terran Infantry Armor Level 1, Terran Infantry Weapons Level 1  
  79  6:44  Marine x3  
  82  6:47  Siege Tank  
  82  6:48  Barracks Reactor  
  82  6:49  Barracks Reactor  
  85  6:56  Marine x2  
  87  7:01  Marine  
  87  7:02  Marine  
  89  7:11  SCV x2  
  91  7:16  Marine  
  91  7:22  Marine  
  92  7:23  Siege Tank, Medivac x2  
  92  7:29  SCV x3  
  100  7:35  Supply Depot x2  
  100  7:37  Marine  
  100  7:38  Marine x7  
  100  7:40  Marine  
  109  7:51  SCV x2  
  109  7:52  Factory  
  109  7:53  SCV  
  109  7:55  Marine, Command Center  
  109  7:58  Siege Tank  
  116  7:59  Medivac x2, Supply Depot  
  116  8:01  Marine x7  
  116  8:03  SCV x2, Armory  
  129  8:13  Marine x2  
  129  8:19  Marine x2  
  132  8:22  Marine  
  132  8:23  Marine x4  
  135  8:31  Marine x2, Supply Depot  
  135  8:32  Siege Tank  
  135  8:33  SCV x3  
  138  8:37  Marine x2  
  138  8:40  Marine x2, Factory Tech Lab  
  137  8:42  Marine x3  
  137  8:48  Missile Turret  
  140  8:49  Marine  
  140  8:51  Missile Turret  
  140  8:52  Terran Infantry Weapons Level 2  
  140  8:53  Marine, Terran Infantry Armor Level 2  
  142  9:12  Marine x9  
  151  9:19  Supply Depot  
  151  9:21  Siege Tank, Refinery  
  151  9:22  Refinery  
  154  9:25  Terran Vehicle Weapons Level 1  
  154  9:29  Marine  
  154  9:30  Marine  
  156  9:32  Siege Tank  
  156  9:36  SCV x3  
  162  9:43  Marine x7  
  168  9:47  Marine x2  
  168  9:48  SCV  
  170  9:55  Siege Tank  
  170  10:01  Marine x5  
  170  10:02  Marine x2  
  170  10:05  Marine x2  
  160  10:18  Marine  
  160  10:19  Marine x5  
  160  10:20  Marine  
  167  10:22  Siege Tank  
  167  10:23  Marine x2  
  167  10:27  Siege Tank  
  162  10:36  Marine  
  162  10:37  Marine x6  
  162  10:41  Marine x2  
  162  10:42  Medivac  
  169  10:44  SCV x2  
  169  10:48  Refinery  
  169  10:49  Refinery  
  171  10:51  Planetary Fortress  
  171  10:54  Siege Tank  
  172  11:01  Supply Depot x2  
  172  11:10  Supply Depot  
  172  11:14  Barracks x2  
  172  11:15  Barracks  
  172  11:17  Marine x3  
  172  11:18  Marine x4  
  172  11:24  Marine x2  
Tags
 
Add a new tag
Caveats
  • Supply blocks, unpowered buildings, or Contaminate may cause inaccurate times.
  • Supply counts are checked every 10 seconds.